 Dungeon Crawl Stone Soup version 0.28.0-53-g5a82cb258f (webtiles) character file.

Game seed: 9393582279523247709

676 SanguineChosen the Chopper (level 7, -2/61 HPs)
             Began as a Minotaur Berserker on Aug 1, 2022.
             Was a Priest of Trog.
             Slain by a troll (6 damage)
             ... on level 5 of the Dungeon.
             The game lasted 00:20:25 (4964 turns).

SanguineChosen the Chopper (Minotaur Berserker)     Turns: 4964, Time: 00:20:28

Health: -2/61      AC: 12    Str: 24    XL:     7   Next: 33%
Magic:  6/6        EV:  9    Int:  4    God:    Trog [***...]
Gold:   64         SH:  0    Dex:  9    Spells: 6/6 levels left

rFire   . . .      SeeInvis .   u - +1 war axe (vamp)
rCold   . . .      Faith    .   (no shield)
rNeg    + . .      Spirit   .   q - +0 chain mail
rPois   .          Reflect  .   (helmet restricted)
rElec   .          Harm     .   i - +0 cloak
rCorr   .          Rampage  .   e - +0 pair of gloves
Will    .....                   (no boots)
Stlth   ..........              (no amulet)
HPRegen 0.20/turn               g - ring of positive energy
MPRegen 0.10/turn               (no ring)

@: mighty, about to teleport
A: horns 2, retaliatory headbutt
a: Renounce Religion, Berserk, Trog's Hand


You were on level 5 of the Dungeon.
You worshipped Trog.
Trog was most pleased with you.
You visited 1 branch of the dungeon, and saw 5 of its levels.

You collected 174 gold pieces.
You spent 110 gold pieces at shops.

Inventory:

Hand Weapons
 a - a +0 hand axe
 u - a +1 vampiric war axe (weapon)
Missiles
 c - a throwing net (quivered)
Armour
 e - a +0 pair of gloves (worn)
 i - a +0 cloak (worn)
 q - a +0 chain mail (worn)
Jewellery
 g - a ring of positive energy (left hand)
Wands
 r - a wand of polymorph (2)
Scrolls
 n - 2 scrolls of teleportation
Potions
 h - a potion of haste {unknown}
 l - a potion of heal wounds {unknown}
 m - a potion of degeneration {unknown}
 p - a potion of might
 s - a potion of magic {unknown}


   Skills:
 + Level 5.5 Fighting
 + Level 7.4 Axes
 + Level 5.1 Armour
 + Level 3.8 Dodging


You had 6 spell levels left.
You didn't know any spells.
Your spell library was empty.

Dungeon Overview and Level Annotations

Branches:
Dungeon (5/15)             Temple (0/1) D:4

Altars:
Yredelemnul

Shops:
D:2 ([?

Annotations:
D:5 Menkaure


Innate Abilities, Weirdness & Mutations

You have a pair of horns on your head.
You reflexively headbutt those who attack you in melee.


Message History

Menkaure calls on the powers of darkness!
Your body is wracked with pain!
There is a stone staircase leading up here.
You climb upwards.
There is a stone staircase leading down here.
You start resting.
HP restored.
There is a stone staircase leading down here.
You climb downwards.
Level annotation: Menkaure
There is a stone staircase leading up here.
A troll comes into view.
Found a basalt altar of Yredelemnul.
You hit the troll but do no damage. The troll bites you!
The troll claws you. x2
You hit the troll.
You feel better.
You headbutt the troll.
The troll is moderately wounded.
The troll bites you. The troll claws you but does no damage.
The troll claws you!
You hit the troll.
You feel better.
Your headbutt misses the troll.
The troll is moderately wounded.
The troll bites you. The troll barely misses you. The troll claws you!
You feel very mighty all of a sudden. The troll misses you.
The troll barely misses you. The troll claws you but does no damage.
As you read the scroll of teleportation, it crumbles to dust.
You feel strangely unstable. The troll completely misses you.
The troll claws you but does no damage. The troll closely misses you.
You slice the troll!! Your headbutt misses the troll.
The troll is severely wounded.
The troll bites you!
* * * LOW HITPOINT WARNING * * *
The troll claws you but does no damage. x2
You barely miss the troll.
The troll is severely wounded.
The troll bites you!
* * * LOW HITPOINT WARNING * * *
The troll claws you but does no damage. The troll claws you.
* * * LOW HITPOINT WARNING * * *
The troll bites you.
You die...

########## #######
#.....T@.#
#.....####.##..#..#
.......##..#..##..#*
.?.....##.##..##...#
.......##.#..##....#
.......##.#..**._..#
.......##.#..**....#
.##....#..##.,##...#
...........#*,,*,,,*


You could see a troll.

Vanquished Creatures
  An ice beast (D:5)
  3 scorpions
  2 orc priests (D:3)
  Crazy Yiuf (D:3)
  A centaur skeleton (D:5)
  Ijyb (D:5)
  A scorpion zombie (D:5)
  An orc wizard (D:4)
  6 gnolls
  4 adders
  A shadow imp (D:5)
  2 ufetubi
  A worm (D:4)
  2 dart slugs
  8 orcs
  6 bats
  5 endoplasms
  3 giant cockroaches
  8 goblins
  7 hobgoblins
  2 jackals (D:1)
  6 quokkas
  9 ball pythons
  7 frilled lizards
  8 kobolds
  8 rats
104 creatures vanquished.

Notes
Turn   | Place    | Note
-------+----------+-------------------------------------------
     0 | D:1      | SanguineChosen the Minotaur Berserker began the quest for
                  | the Orb.
     0 | D:1      | Reached XP level 1. HP: 19/19 MP: 0/0
   156 | D:1      | Reached XP level 2. HP: 27/27 MP: 1/1
   168 | D:1      | Reached skill level 4 in Axes
   250 | D:1      | Reached ** piety under Trog
   343 | D:1      | Reached XP level 3. HP: 33/33 MP: 2/2
   809 | D:2      | Found Wuriwnat's Armour Boutique.
   838 | D:2      | Reached skill level 5 in Axes
   838 | D:2      | Reached XP level 4. HP: 33/41 MP: 3/3
  1231 | D:2      | Found Dooresuf's Antique Weapon Shoppe.
  1325 | D:2      | Bought a +0 cloak for 54 gold pieces
  1403 | D:2      | Found Itrudot's Magic Scroll Emporium.
  1411 | D:2      | Bought a scroll of identify for 28 gold pieces
  1411 | D:2      | Bought a scroll of identify for 28 gold pieces
  1541 | D:3      | Reached *** piety under Trog
  1846 | D:3      | Found a runed translucent door.
  1847 | D:3      | Noticed Crazy Yiuf
  1945 | D:3      | Reached XP level 5. HP: 12/47 MP: 4/4
  2253 | D:3      | Found a faded altar of an unknown god.
  2840 | D:3      | Killed Crazy Yiuf
  2841 | D:3      | Reached skill level 6 in Axes
  3351 | D:4      | Reached skill level 5 in Fighting
  3351 | D:4      | Reached XP level 6. HP: 42/56 MP: 5/5
  3637 | D:4      | Found a staircase to the Ecumenical Temple.
  4113 | D:5      | Entered Level 5 of the Dungeon
  4151 | D:5      | Noticed Ijyb
  4160 | D:5      | Killed Ijyb
  4164 | D:5      | Reached XP level 7. HP: 61/61 MP: 6/6
  4261 | D:5      | Reached skill level 7 in Axes
  4295 | D:5      | Reached skill level 5 in Armour
  4669 | D:5      | Noticed Menkaure
  4952 | D:5      | Noticed a troll
  4954 | D:5      | Found a basalt altar of Yredelemnul.
  4964 | D:5      | Slain by a troll

Illustrated notes

Levels and vault maps discovered:
D:1:      lemuel_arrival_broad_hall, layout_basic,
          nicolae_concentric_dashed_squares_wild, minmay_pentomino_s2
D:2:      layout_rooms, serial_shops, shop_statue, nicolae_shop_statue_plus,
          nicolae_shop_crystal, chequers_serial_rivers_small_a
D:3:      layout_loops_cross, shapermc_ecumenical_altar_mp_ritualfount,
          minmay_misc_feat_x, hangedman_decor_lopped, uniq_crazy_yiuf_cottage
D:4:      layout_basic, temple_pool_b, corexii_checkpoint_a
D:5:      layout_layer_cave, mainiacjoe_overflow_catch_the_wave,
          chequers_serial_rivers_small_a, uniq_ijyb, uniq_menkaure

Skill      XL: |  1  2  3  4  5  6  7 |
---------------+----------------------+-----
Axes           | 4 5 6 7 |  7.4
Fighting       | 4 5 |  5.5
Armour         | 3 4 5 |  5.1
Dodging        | 3 |  3.8

Action                   |  1- 3 |  4- 6 |  7- 9 || total
-------------------------+-------+-------+-------++-------
Melee: Hand axe          |    68 |   131 |       ||   199
       Headbutt          |    11 |    28 |     6 ||    45
       Punch             |     1 |     3 |       ||     4
       War axe           |       |    39 |    16 ||    55
Throw: Dart              |       |       |     2 ||     2
Invok: Berserk           |       |     1 |       ||     1
  Use: Scroll            |       |     6 |     8 ||    14
       Potion            |       |     2 |     1 ||     3
 Stab: Sleeping          |     1 |       |       ||     1
Armor: Animal skin       |    15 |       |       ||    15
       Ring mail         |       |    61 |       ||    61
       Skin              |       |     9 |       ||     9
       Chain mail        |       |       |    11 ||    11
Dodge: Dodged            |    38 |    87 |    10 ||   135
